 Dungeon Crawl Stone Soup version 0.21.0-26-g889b8f6 (webtiles) character file.

88 pstr the Digger (level 4, 0/36 HPs)
             Began as a Naga Earth Elementalist on Jan 27, 2018.
             Slain by a rat (1 damage)
             ... on level 3 of the Dungeon.
             The game lasted 00:03:10 (1389 turns).

pstr the Digger (Naga Earth Elementalist)           Turns: 1389, Time: 00:03:11

Health: 0/36       AC:  2    Str: 10    XL:     4   Next: 54%
Magic:  1/8        EV: 10    Int: 16    God:
Gold:   62         SH:  0    Dex: 12    Spells: 4/8 levels left

rFire    . . .     SeeInvis +   l - +0 club
rCold    . . .     Gourm    .   (no shield)
rNeg     . . .     Faith    .   c - +0 robe
rPois    +         Spirit   .   (no helmet)
rElec    .         Reflect  .   (no cloak)
rCorr    .         Harm     .   (no gloves)
MR       .....                  (no barding)
Stlth    ++........             (no amulet)
HPRegen  0.12/turn              (no ring)
MPRegen  0.11/turn              (no ring)

@: very slightly contaminated, very slow
A: large, see invisible, deformed body, poison resistance, slowness 2, slow
metabolism 1, spit poison 1, AC +1
a: Spit Poison


You were on level 3 of the Dungeon.
You were not hungry.

You visited 1 branch of the dungeon, and saw 3 of its levels.

You collected 62 gold pieces.

Inventory:

Hand Weapons
 l - a +0 club (weapon)
 n - a +0 short sword
Missiles
 b - 5 stones (quivered)
 f - 13 arrows
Armour
 c - a +0 robe (worn)
Jewellery
 g - a +5 ring of evasion {unknown}
Scrolls
 a - a scroll of magic mapping {unknown}
 h - 3 scrolls of enchant weapon {unknown}
 i - a scroll of identify {unknown}
 j - 4 scrolls of remove curse {unknown}
Potions
 k - a potion of resistance {unknown}
Books
 e - a book of Geomancy

   Spells                             Type                      Level
   a - Sandblast                      Earth                        1
   b - Passwall                       Transmutation/Earth          2
   c - Stone Arrow                    Conjuration/Earth            3
   d - Petrify                        Transmutation/Earth          4
   e - Lee's Rapid Deconstruction     Earth                        5
Comestibles
 d - 4 rations
 m - a chunk of flesh


   Skills:
 + Level 2.1 Dodging
 + Level 3.3 Stealth
 + Level 2.8 Spellcasting
   Level 1.0 Transmutations
 + Level 4.1 Earth Magic


You had 4 spell levels left.
You knew the following spells:

 Your Spells              Type           Power        Failure   Level  Hunger
a - Sandblast             Erth           ###...       3%          1    #......
b - Stone Arrow           Conj/Erth      #.....       24%         3    ###....


Dungeon Overview and Level Annotations

Branches:
Dungeon (3/15)

Altars:


Innate Abilities, Weirdness & Mutations

You cannot wear boots.
Your serpentine skin is tough. (AC +1)
You have supernaturally acute eyesight. (SInv)
Armour fits poorly on your strangely shaped body.
Your system is resistant to poisons. (rPois)
You cover ground very slowly.
You have a slow metabolism.
You can spit poison.


Message History

The rat closely misses you.
The ball python bites you but does no damage.
The leopard gecko bites you.
* * * LOW HITPOINT WARNING * * *
The rat barely misses you. The ball python closely misses you.
Found a ration.
You have got your breath back.
The leopard gecko barely misses you. The leopard gecko bites you.
* * * LOW HITPOINT WARNING * * *
The ball python bites you.
* * * LOW HITPOINT WARNING * * *
The goblin barely misses you. The rat bites you but does no damage.
The leopard gecko bites you.
* * * LOW HITPOINT WARNING * * *
There is a stone staircase leading up here.
The goblin hits you.
* * * LOW HITPOINT WARNING * * *
The leopard gecko closely misses you. The rat bites you.
You die...

..... ...##
.#%...($.##...#
..#...........######
. ................ .#
.. ........>..$.# ..#
...##.....(.....#...#
...............#...#
#...g...........#
#.@rS....%.#...
##.l....†<##
#........#
#.........[#
#..........#
#..........#
#..........#
...........#
..........


You could see a leopard gecko, a goblin, a ball python and a rat.

Vanquished Creatures
  Natasha (D:3)
  3 adders (D:2)
  A worm (D:2)
  3 dart slugs
  A leopard gecko (D:1)
  2 goblins
  2 hobgoblins
  3 jackals (D:1)
  6 kobolds
  4 bats
  A rat (D:1)
27 creatures vanquished.

Notes
Turn   | Place    | Note
-------+----------+-------------------------------------------
     0 | D:1      | pstr the Naga Earth Elementalist began the quest for the Orb.
     0 | D:1      | Reached XP level 1. HP: 15/15 MP: 3/3
   171 | D:1      | Reached XP level 2. HP: 22/22 MP: 0/5
   707 | D:2      | Reached XP level 3. HP: 28/28 MP: 0/6
   712 | D:2      | Learned a level 3 spell: Stone Arrow
  1286 | D:2      | Reached XP level 4. HP: 36/36 MP: 3/7
  1291 | D:2      | Reached skill level 4 in Earth Magic
  1362 | D:2      | Noticed Natasha
  1382 | D:3      | Killed Natasha
  1388 | D:3      | HP: 1/36 [leopard gecko (2)]
  1389 | D:3      | Slain by a rat

Skill      XL: |  1  2  3  4 |
---------------+-------------+-----
Dodging        | 2 |  2.1
Earth Magic    | 4 |  4.1
Stealth        | |  3.3
Spellcasting   | |  2.8
Transmutations | |  1.0

Action                   |  1- 3 |  4- 6 || total
-------------------------+-------+-------++-------
Melee: Club              |       |     4 ||     4
 Cast: Sandblast         |    30 |     3 ||    33
       Stone Arrow       |     2 |     1 ||     3
 Abil: Spit Poison       |     7 |     3 ||    10
  Eat: Chunk             |     1 |     1 ||     2
Armor: Robe              |     4 |    12 ||    16
Dodge: Dodged            |    23 |    27 ||    50
